 Dungeon Crawl Stone Soup version 0.23-a0-767-gdc19b93d68 (webtiles) character file.

46 Flugslaktarn the Chopper (level 3, -5/31 HPs)
             Began as a Minotaur Fighter on Jan 29, 2019.
             Slain by an ice beast (13 damage)
             ... on level 4 of the Dungeon.
             The game lasted 00:00:30 (480 turns).

Flugslaktarn the Chopper (Minotaur Fighter)          Turns: 480, Time: 00:00:30

Health: -5/31      AC:  6    Str: 20    XL:     3   Next: 46%
Magic:  2/2        EV:  7    Int:  5    God:
Gold:   62         SH:  9    Dex: 10    Spells: 2/2 levels left

rFire    . . .     SeeInvis .   a - +0 war axe
rCold    . . .     Gourm    .   c - +0 shield
rNeg     . . .     Faith    .   b - +0 scale mail
rPois    .         Spirit   .   (helmet restricted)
rElec    .         Reflect  .   (no cloak)
rCorr    .         Harm     .   (no gloves)
MR       .....                  (no boots)
Stlth    ..........             (no amulet)
HPRegen  0.10/turn              (no ring)
MPRegen  0.08/turn              (no ring)

@: no status effects
A: retaliatory headbutt, horns 2
a: no special abilities


You were on level 4 of the Dungeon.
You were not hungry.

You visited 1 branch of the dungeon, and saw 4 of its levels.

You collected 62 gold pieces.

Inventory:

Hand Weapons
 a - a +0 war axe (weapon)
Armour
 b - a +0 scale mail (worn)
 c - a +0 shield (worn)
Scrolls
 e - a scroll of enchant armour {unknown}
 g - a scroll of remove curse {unknown}
Potions
 d - a potion of might {@q4}
Comestibles
 f - 3 rations {@e1}


   Skills:
 - Level 3.6 Fighting
 + Level 4.8 Axes
 - Level 3.6 Armour
 - Level 3.6 Shields


You had 2 spell levels left.
You didn't know any spells.
Your spell library was empty.

Dungeon Overview and Level Annotations

Branches:
Dungeon (4/15)
 Temple: D:4-7

Altars:


Innate Abilities, Weirdness & Mutations

You reflexively headbutt those who attack you in melee.
You have a pair of horns on your head.


Message History

There is a stone staircase leading up here.
There are monsters nearby!
There are monsters nearby!
There are monsters nearby!
The iguana hisses menacingly.
You hit the ice beast.
The ice beast is lightly wounded.
You closely miss the iguana. The ice beast hits you. The ice beast freezes you!
The iguana bites you!
You hit the ice beast.
The ice beast is moderately wounded.
You hit the iguana but do no damage.
The ice beast hits you but does no damage.
The iguana barely misses you.
You closely miss the ice beast.
The ice beast is moderately wounded.
You hit the iguana but do no damage. The ice beast hits you.
* * * LOW HITPOINT WARNING * * *
The ice beast freezes you!
You die...

#... ... ....
.. # #..##.#.#
# #.....#.#..
#.....(..
#......
#..Yl##.#
#..@....#
####.###.#.####
#......<.#.#
#.##.##..#.#
...... ....#.#
....##.# ..####
.# ###


You could see an ice beast and an iguana.

Vanquished Creatures
  An adder (D:3)
  An ooze (D:1)
  3 dart slugs
  2 bats (D:1)
  A giant cockroach (D:1)
  2 goblins (D:1)
  6 hobgoblins
  A quokka (D:2)
  A frilled lizard (D:3)
  6 kobolds
  A rat (D:1)
25 creatures vanquished.

Notes
Turn   | Place    | Note
-------+----------+-------------------------------------------
     0 | D:1      | Flugslaktarn the Minotaur Fighter began the quest for the
                  | Orb.
     0 | D:1      | Reached XP level 1. HP: 19/19 MP: 0/0
   190 | D:1      | Reached skill level 3 in Axes
   213 | D:1      | Reached XP level 2. HP: 23/26 MP: 1/1
   317 | D:1      | Reached skill level 4 in Axes
   400 | D:2      | Reached XP level 3. HP: 28/31 MP: 2/2
   475 | D:4      | Noticed an ice beast
   480 | D:4      | Slain by an ice beast

Vault maps used:
D:1:      elethiomel_arrival_fortress_basement
D:3:      first_ration
D:4:      grunt_qazlal_clouds, cheibriados_altar_1

Skill      XL: |  1  2 |
---------------+-------+-----
Axes           | 3 4 |  4.8
Fighting       | |  3.6
Armour         | |  3.6
Shields        | |  3.6

Action                   || total
-------------------------++-------
Melee: War axe           ||    65
       Headbutt          ||     8
 Stab: Distracted        ||     1
Armor: Scale mail        ||    44
Dodge: Dodged            ||    17
Block: Shield            ||    32

Table legend:
 A = Non-vault XP
 B = Vault XP
 C = Vault XP percentage of total XP
 D = Non-vault monster count
 E = Vault monster count
 F = Vault count percentage of total count
                 A         B        C        D         E       F
            +---------+---------+-------+---------+---------+-------
      Total |      65 |       2 |   3.0 |      24 |       1 |   4.0
            +---------+---------+-------+---------+---------+-------
        D:1 |      34 |       2 |   5.6 |      15 |       1 |   6.2
        D:2 |      11 |       0 |   0.0 |       5 |       0 |   0.0
        D:3 |      20 |       0 |   0.0 |       4 |       0 |   0.0
            +---------+---------+-------+---------+---------+-------
